 Dungeon Crawl Stone Soup version 0.20.1-1-g8b1a95d (webtiles) character file.

6178 Knicklaso the Martial Artist (level 10, -4/65 HPs)
             Began as a Merfolk Transmuter on July 15, 2017.
             Was a High Priest of Okawaru.
             Slain by a two-headed ogre
             ... wielding a +0 dire flail
              (22 damage)
             ... on level 9 of the Dungeon.
             The game lasted 00:41:35 (10663 turns).

Knicklaso the Martial Artist (Merfolk Transmuter)  Turns: 10663, Time: 00:41:35

Health: -4/65      AC:  6    Str: 14    XL:     10   Next: 91%
Magic:  0/19       EV: 13    Int: 12    God:    Okawaru [*****.]
Gold:   562        SH:  0    Dex: 17    Spells: 5/13 levels left

rFire    + . .     SeeInvis .     - Unarmed
rCold    . . .     Gourm    .   (shield currently unavailable)
rNeg     . . .     Faith    .   y - +2 robe {rF+}
rPois    .         Spirit   +   (no helmet)
rElec    .         Reflect  .   P - +1 cloak
rCorr    .         Harm     .   (gloves currently unavailable)
MR       .....                  (no boots)
Stlth    ++........             k - amulet of guardian spirit
Regen    0.2/turn               j - ring of magical power
MPRegen  0.2/turn               (no ring)

@: blade hands
A: change form in water, swift swim, stealthy swim, agile 1, blink, low mp 2
a: End Transformation, Blink, Heroism, Finesse, Renounce Religion


You were on level 9 of the Dungeon.
You worshipped Okawaru.
Okawaru was extremely pleased with you.
You were not hungry.
You had blades for hands.
You visited 1 branch of the dungeon, and saw 9 of its levels.
You also visited: Ossuary.

You collected 562 gold pieces.

Inventory:

Hand Weapons
 m - a +4 shortbow
 q - the +10 flail "Coyhaytiresh" {flame, +Fly rPois rN+ Str+4, unknown}
   (You found it on level 5 of the Dungeon)

   It has been specially enchanted to burn those struck by it, causing extra
   injury to most foes and up to half again as much damage against particularly
   susceptible opponents.
   It affects your strength (+4).
   It protects you from poison.
   It protects you from negative energy.
   It lets you fly.
Missiles
 a - 177 arrows
 i - 2 tomahawks of returning (quivered)
Armour
 x - a +2 helmet
 y - a +2 robe of fire resistance (worn)
 C - a cursed +0 scale mail
 N - a +1 pair of gloves
 P - a +1 cloak (worn)
Magical Staves
 M - an uncursed staff of conjuration {unknown}
 R - an uncursed staff of poison {unknown}
Jewellery
 j - a ring of magical power (left scythe-like blade)
 k - an amulet of guardian spirit (around neck)
 A - an uncursed ring of resist corrosion {unknown}
 G - a cursed ring of teleportation {unknown}
 L - a +1 ring of slaying {unknown}
 O - an uncursed ring of magical power
Wands
 g - a wand of acid (14/15)
 p - a wand of iceblast (9/15)
 D - a wand of flame (30/48)
Scrolls
 b - 7 scrolls of identify
 f - 4 scrolls of remove curse
 h - 2 scrolls of noise
 l - a scroll of blinking
 n - 3 scrolls of teleportation {unknown}
 r - 6 scrolls of amnesia
 v - a scroll of fog
 J - 2 scrolls of enchant weapon {unknown}
Potions
 e - a potion of curing
 o - 3 potions of resistance
 u - 2 potions of degeneration {unknown}
 z - a potion of berserk rage
 B - 2 potions of lignification
 E - 3 potions of mutation
 F - a potion of flight {unknown}
 I - a potion of cancellation {unknown}
Books
 c - a book of Changes

   Spells                             Type                      Level
   a - Beastly Appendage              Transmutation                1
   b - Sticks to Snakes               Transmutation                2
   c - Spider Form                    Transmutation/Poison         3
   d - Ice Form                       Ice/Transmutation            4
   e - Blade Hands                    Transmutation                5
 H - a book of Misfortune

   Spells                             Type                      Level
   a - Confusing Touch                Hexes                        1
   b - Confuse                        Hexes                        3
   c - Gell's Gravitas                Translocation                3
   d - Petrify                        Transmutation/Earth          4
   e - Metabolic Englaciation         Hexes/Ice                    5
   f - Yara's Violent Unravelling     Hexes/Transmutation          5
 Q - a book of Geomancy

   Spells                             Type                      Level
   a - Sandblast                      Earth                        1
   b - Passwall                       Transmutation/Earth          2
   c - Stone Arrow                    Conjuration/Earth            3
   d - Petrify                        Transmutation/Earth          4
   e - Lee's Rapid Deconstruction     Earth                        5
 S - a book of Frost

   Spells                             Type                      Level
   a - Freeze                         Ice                          1
   b - Throw Frost                    Conjuration/Ice              2
   c - Ozocubu's Armour               Charms/Ice                   3
   d - Throw Icicle                   Conjuration/Ice              4
   e - Summon Ice Beast               Ice/Summoning                4
Comestibles
 d - 2 bread rations
 s - 2 royal jellies
 w - 2 meat rations
 K - 4 fruits


   Skills:
 - Level 1.1 Fighting
 - Level 2.6 Dodging
 - Level 14.2 Unarmed Combat
 - Level 2.0 Spellcasting
 + Level 11.8 Transmutations
 - Level 0.4 Poison Magic


You had 5 spell levels left.
You knew the following spells:

 Your Spells              Type           Power        Failure   Level  Hunger
a - Blade Hands           Tmut           ####......   34%         5    ######.
b - Spider Form           Tmut/Pois      ###.......   36%         3    ####...


Dungeon Overview and Level Annotations

Branches:
Dungeon (9/15)             Temple (0/1) D:4
   Lair: D:8-11         Orc: D:9-12

Altars:
Dithmenos
Kikubaaqudgha
Makhleb
Nemelex Xobeh
Okawaru
Ru
Vehumet
The Shining One


Innate Abilities, Weirdness & Mutations

You revert to your normal form in water.
You are very nimble and swift while swimming.
You are very stealthy in the water. (Stealth+)
You are agile. (Dex +2)
You can translocate small distances at will.
Your magical capacity is very low. (-20% MP)


Message History

Your hands turn into razor-sharp scythe blades.
The black bear completely misses you.
The black bear claws you but does no damage.
The black bear closely misses you.
You slice the black bear!!
The black bear is severely wounded.
The black bear bites you. The black bear claws you.
The black bear closely misses you.
You shred the black bear!!!
You kill the black bear!
Okawaru accepts your kill.
A two-headed ogre comes into view.
It is wielding a dire flail and a giant spiked club.
The two-headed ogre shouts in stereo!
Things that are here:
a battleaxe; a plate armour; an orc corpse
There is a stone staircase leading up, spattered with blood here.
The two-headed ogre hits you with a dire flail!!
* * * LOW HITPOINT WARNING * * *
The two-headed ogre hits you with a giant spiked club!!
You die...

%.........
.........#
<........#
.........#
#...# #...#
#O..# #)).#
#@..#
#O........
......#####
..........
#####[..####
#...# #...#
#...#


You could see 2 two-headed ogres.

Vanquished Creatures
  A two-headed ogre (D:8)
  Pikel (D:6)
  Prince Ribbit (D:7)
  Eustachio (D:6)
  Edmund (D:6)
  4 orc warriors
  A black bear (D:9)
  A hornet zombie (D:6)
  3 sky beasts
  A slave (D:6)
  7 ogres
  3 phantoms
  7 centaurs
  2 big kobolds (D:7)
  A bullfrog (D:8)
  A gnoll sergeant (D:8)
  2 water moccasin skeletons
  A scorpion (D:8)
  6 killer bees (D:8)
  A troll zombie (Ossuary)
  2 vampire bats (D:3)
  A howler monkey (D:8)
  A crimson imp (D:9)
  A bullfrog zombie (D:5)
  3 centaur zombies
  5 hounds
  2 jellies
  6 orc priests
  A centaur skeleton (D:8)
  Jessica (D:4)
  An iguana (D:4)
  7 orc wizards
  8 worker ants
  A big kobold zombie (Ossuary)
  2 ogre zombies (Ossuary)
  A hound skeleton (D:5)
  8 mummies
  2 worker ant zombies
  9 gnolls
  8 adders
  2 shadow imps
  2 oozes
  5 adder zombies (Ossuary)
  An adder skeleton (D:8)
  3 worms
  A dart slug (D:5)
  3 leopard geckos
  29 orcs
  9 bats
  A bat skeleton (D:3)
  4 bat zombies (D:3)
  4 giant cockroaches
  A gnoll zombie (Ossuary)
  5 goblins
  11 hobgoblins
  14 jackals
  4 quokkas
  5 frilled lizards
  6 goblin zombies
  4 hobgoblin zombies (Ossuary)
  A jackal skeleton (D:7)
  22 kobolds
  5 kobold zombies (Ossuary)
  A leopard gecko zombie (D:6)
  5 quokka zombies
  7 rats
  A rat zombie (Ossuary)
  A plant (D:1)
273 creatures vanquished.

Vanquished Creatures (others)
  A slave (D:6)
1 creature vanquished.

Grand Total: 274 creatures vanquished

Notes
Turn   | Place    | Note
-------+----------+-------------------------------------------
     0 | D:1      | Knicklaso the Merfolk Transmuter began the quest for the Orb.
     0 | D:1      | Reached XP level 1. HP: 15/15 MP: 3/3
   250 | D:1      | Reached XP level 2. HP: 21/21 MP: 3/5
   606 | D:1      | You fall through a shaft!
   614 | D:2      | Reached XP level 3. HP: 11/26 MP: 4/6
  1034 | D:2      | Found a burning altar of Makhleb.
  1034 | D:2      | Noticed a balrug
  1069 | D:2      | Found an iron altar of Okawaru.
  1077 | D:2      | Became a worshipper of Warmaster Okawaru
  1243 | D:2      | Reached skill level 5 in Transmutations
  2371 | D:2      | Learned a level 3 spell: Spider Form
  2439 | D:3      | Reached XP level 4. HP: 26/32 MP: 3/7
  2962 | D:3      | Reached XP level 5. HP: 25/37 MP: 5/8
  3432 | D:3      | Found an ancient bone altar of Kikubaaqudgha.
  3457 | D:3      | Reached XP level 6. HP: 38/43 MP: 9/9
  3757 | D:4      | Reached * piety under Okawaru
  3757 | D:4      | Reached skill level 4 in Unarmed Combat
  3767 | D:4      | Reached XP level 7. HP: 11/48 MP: 6/10
  3789 | D:4      | HP: 2/48 [poisoned by a worker ant]
  3797 | D:4      | HP: 2/48 [poisoned by a worker ant]
  4158 | D:4      | Reached skill level 5 in Unarmed Combat
  4221 | D:4      | Found a staircase to the Ecumenical Temple.
  4532 | D:4      | Reached skill level 6 in Unarmed Combat
  4560 | D:4      | Found a shadowy altar of Dithmenos.
  4591 | D:4      | Found a sparkling altar of Nemelex Xobeh.
  4591 | D:4      | Noticed Jessica
  4601 | D:4      | Killed Jessica
  4874 | D:5      | Entered Level 5 of the Dungeon
  5006 | D:5      | Learned a level 5 spell: Blade Hands
  5127 | D:5      | Reached ** piety under Okawaru
  5227 | D:5      | Got a faintly glowing flail
  5352 | D:5      | Reached skill level 7 in Unarmed Combat
  5352 | D:5      | Reached XP level 8. HP: 54/54 MP: 11/11
  5355 | D:5      | Gained mutation: Scrolls take you a little longer to read. [mutagenic meat]
  5356 | D:5      | Lost mutation: Scrolls take you a little longer to read. [mutagenic meat]
  5566 | D:5      | Reached skill level 8 in Unarmed Combat
  5703 | D:5      | Found a sacrificial altar of Ru.
  5745 | D:5      | Found a radiant altar of Vehumet.
  5883 | D:6      | Noticed Eustachio
  5889 | D:6      | Killed Eustachio
  5889 | D:6      | Reached skill level 9 in Unarmed Combat
  5895 | D:6      | Gained mutation: You have a pair of small horns on your head. [mutagenic meat]
  5896 | D:6      | Gained mutation: You evolve. [mutagenic meat]
  5919 | D:6      | Reached skill level 10 in Unarmed Combat
  5947 | D:6      | Found a sparkling altar of Nemelex Xobeh.
  5967 | D:6      | Noticed Edmund
  5976 | D:6      | Killed Edmund
  5976 | D:6      | Reached *** piety under Okawaru
  6092 | D:6      | Noticed Pikel
  6111 | D:6      | Killed Pikel
  6111 | D:6      | Reached skill level 11 in Unarmed Combat
  6111 | D:6      | Reached XP level 9. HP: 44/59 MP: 8/12
  6258 | D:6      | Reached **** piety under Okawaru
  6414 | D:6      | Reached skill level 12 in Unarmed Combat
  6415 | D:6      | Lost mutation: You have a pair of small horns on your head. [potion of mutation]
  6415 | D:6      | Lost mutation: You evolve. [potion of mutation]
  6415 | D:6      | Gained mutation: Your magical capacity is low. (-10% MP) [potion of mutation]
  6415 | D:6      | Gained mutation: You are agile. (Dex +2) [potion of mutation]
  6415 | D:6      | Gained mutation: Your magical capacity is very low. (-20% MP) [potion of mutation]
  6415 | D:6      | Gained mutation: You can translocate small distances at will. [potion of mutation]
  7051 | D:7      | Found a sand-covered staircase.
  7058 | Ossuary  | Entered an ossuary
  7344 | Ossuary  | Reached skill level 13 in Unarmed Combat
  7809 | D:7      | Reached XP level 10. HP: 44/65 MP: 8/10
  7842 | D:7      | Noticed Prince Ribbit
  7847 | D:7      | Killed Prince Ribbit
  7847 | D:7      | Reached ***** piety under Okawaru
  8623 | D:8      | Reached skill level 14 in Unarmed Combat
  9796 | D:8      | Found a glowing golden altar of the Shining One.
  9933 | D:8      | Reached skill level 10 in Transmutations
  9944 | D:8      | Noticed a two-headed ogre
  9952 | D:8      | Killed a two-headed ogre
 10655 | D:9      | Noticed a two-headed ogre
 10661 | D:9      | Noticed a two-headed ogre
 10663 | D:9      | Slain by a two-headed ogre

Skill      XL: |  1  2  3  4  5  6  7  8  9 10 |
---------------+-------------------------------+-----
Transmutations | 3 4 5 6 8 11 | 11.8
Unarmed Combat | 4 7 11 13 14 | 14.2
Fighting       | |  1.1
Dodging        | |  2.6
Spellcasting   | |  2.0
Poison Magic   | |  0.4

Action                   |  1- 3 |  4- 6 |  7- 9 | 10-12 || total
-------------------------+-------+-------+-------+-------++-------
Melee: Unarmed           |   205 |   155 |   294 |   159 ||   813
       Headbutt          |    28 |    12 |     6 |       ||    46
       Punch             |     5 |       |     9 |     3 ||    17
 Cast: Beastly Appendage |    27 |    11 |     2 |       ||    40
       Spider Form       |     1 |     9 |     7 |       ||    17
       Blade Hands       |       |       |    31 |    21 ||    52
 Abil: Blink             |       |       |       |     1 ||     1
  Use: Scroll            |       |       |    11 |     1 ||    12
       Potion            |       |       |     8 |     1 ||     9
 Stab: Sleeping          |       |     2 |     6 |     1 ||     9
       Confused          |       |       |     2 |       ||     2
  Eat: Chunk             |     5 |     7 |    23 |    13 ||    48
       Royal jelly       |       |       |     2 |       ||     2
       Bread ration      |       |       |     1 |     1 ||     2
       Meat ration       |       |       |     1 |       ||     1
Armor: Robe              |    28 |    63 |    46 |    31 ||   168
       Skin              |     1 |     3 |     8 |       ||    12
Dodge: Dodged            |   114 |   185 |   151 |    82 ||   532
